 Dungeon Crawl Stone Soup version 0.18.1-8-gdd0e5ea (webtiles) character file.

203 Kenran the Ruffian (level 5, -4/45 HPs)
             Began as a Centaur Monk on May 23, 2016.
             Killed by nerve-wracking pain
             ... invoked by Grinder
              (13 damage)
             ... on level 3 of the Dungeon.
             The game lasted 00:09:22 (3771 turns).

Kenran the Ruffian (Centaur Monk)                   Turns: 3771, Time: 00:09:22

Health: -4/45      AC:  6    Str: 14    XL:     5   Next: 51%
Magic:  5/5        EV:  9    Int:  9    God:
Gold:   93         SH:  0    Dex: 12    Spells: 0 memorised, 4 levels left

rFire  . . .     SeeInvis .       - Unarmed
rCold  . . .     Gourm    .     n - +0 ring mail
rNeg   . . .     Faith    .     (no shield)
rPois  .         Spirit   .     k - +0 helmet
rElec  .         Dismiss  .     (no cloak)
rCorr  .         Reflect  .     (no gloves)
SustAt +         Harm     .     (no barding)
MR     .....                    (no amulet)
Stlth  ..........               (no ring)
                                o - ring of sustain attributes

@: very quick, not resistant to hostile enchantments, extremely unstealthy
A: hooves 3, deformed body, speed 2, tough skin 3
a: no special abilities


You were on level 3 of the Dungeon.
You were not hungry.

You visited 1 branch of the dungeon, and saw 3 of its levels.

You collected 93 gold pieces.

Inventory:

Armour
 k - a +0 helmet (worn)
 n - a +0 ring mail (worn)
Jewellery
 o - a ring of sustain attributes (left hand)
Wands
 c - a wand of teleportation (8/9)
Scrolls
 g - 2 scrolls of remove curse
Potions
 a - a potion of degeneration {unknown}
 d - a potion of brilliance {unknown}
 e - a potion of ambrosia
 f - 2 potions of magic {unknown}
 h - a potion of mutation {unknown}
 j - a potion of haste {unknown}
Comestibles
 b - 2 bread rations
 i - 2 meat rations
 l - a chunk of flesh
 p - 4 fruits


   Skills:
 - Level 3.0 Fighting
 - Level 2.1 Dodging
 - Level 1.2 Stealth
 + Level 6.8 Unarmed Combat


You had 4 spell levels left.
You didn't know any spells.

Dungeon Overview and Level Annotations

Branches:
Dungeon (3/15)

Altars:

Annotations:
D:3 Grinder


Innate Abilities, Weirdness & Mutations

You have hooves in place of feet.
Armour fits poorly on your strangely shaped body.
You cover ground very quickly.
You have extremely tough skin (AC +3).


Message History

You kick Grinder, but do no damage.
Grinder is moderately wounded.
Grinder hits you!
You hit Grinder.
Grinder is moderately wounded.
You hit Grinder. You kick Grinder.
Grinder is heavily wounded.
Grinder barely misses you.
You hit Grinder.
Grinder is severely wounded.
Grinder hits you.
You writhe in agony.
* * * LOW HITPOINT WARNING * * *
You hit Grinder.
Grinder is severely wounded.
Grinder hits you but does no damage.
You hit Grinder. You kick Grinder, but do no damage.
Grinder is severely wounded.
Grinder gestures at you. Pain shoots through your body!
You die...

#. ###.#####.# #
#.##.........#
#..........)..
####.#.####### #.#.#
#.#.###########
#.#......รท.....
###########.####.#######.
........@5..# #.# #.
##########..####.# #.
#.......# #. #.....#.# #.
#.....#.# #<
#.....#.#######.
.................
.##.#.#.#######.## ... .
##...## ##.##


You could see Grinder.

Vanquished Creatures
  A scorpion (D:3)
  Robin (D:1)
  4 adders
  4 gnolls
  An ooze (D:1)
  A worm (D:2)
  A ball python (D:2)
  6 bats
  6 giant cockroaches
  11 goblins
  5 hobgoblins
  6 jackals
  6 kobolds
  3 giant newts
  6 rats
62 creatures vanquished.

Notes
Turn   | Place    | Note
--------------------------------------------------------------
     0 | D:1      | Kenran the Centaur Monk began the quest for the Orb.
     0 | D:1      | Reached XP level 1. HP: 19/19 MP: 1/1
   200 | D:1      | Reached XP level 2. HP: 26/26 MP: 2/2
   765 | D:2      | Noticed Robin
  1044 | D:1      | Reached skill level 5 in Unarmed Combat
  1044 | D:1      | Reached XP level 3. HP: 31/31 MP: 3/3
  1849 | D:1      | Killed Robin
  2236 | D:2      | Reached XP level 4. HP: 36/38 MP: 4/4
  2504 | D:1      | Reached skill level 6 in Unarmed Combat
  3208 | D:2      | Reached XP level 5. HP: 45/45 MP: 5/5
  3371 | D:3      | Noticed Grinder
  3771 | D:3      | Killed from afar by Grinder

Skill      XL: |  1  2  3  4 |
---------------+-------------+-----
Unarmed Combat | 5 6 |  6.8
Fighting       | |  3.0
Dodging        | |  2.1
Stealth        | |  1.2

Action                   |  1- 3 |  4- 6 || total
-------------------------+-------+-------++-------
Melee: Unarmed           |   104 |    98 ||   202
       Kick              |    23 |    20 ||    43
       Punch             |     2 |       ||     2
  Use: Scroll            |     2 |     1 ||     3
  Eat: Chunk             |     3 |     3 ||     6
       Beef jerky        |       |     1 ||     1
Armor: Robe              |    28 |       ||    28
       Animal skin       |    11 |    20 ||    31
       Ring mail         |       |    15 ||    15
Dodge: Dodged            |    54 |    29 ||    83
